Unix NetHack Version 5.0.0-0 post-release - last build May 23 2026 06:08:33 (1c0ff79ee797540d5714e4e18072db0edd9e58ae,branch:main).

Game began 2026-05-28 12:46:13, ended 2026-05-28 13:17:20.

Hekik, neutral male gnomish Wizard

                        --------------------------------
                        |........@....^................|
                        | -- -----a.{.----....-.+-----
                             |(.(|....|..|.......|
                             |.((|. ..|..|....|{.|
                             |...|....|..|....----
                          ---|--|-....--|-......|
                          |..%..(....@.....--+..|
                          |  |)-|--%.{.....|  |.-
                             - |. |%---....|    ))%
                               |..|...|..%.|    ----
                               ---|...||----
                                  |...|.
                                  |...|.
                                  -------

Hekik the Conjurer        St:10 Dx:13 Co:11 In:19 Wi:13 Ch:10  Neutral
Dlvl:7  $:0  HP:0(36) Pw:19(64) AC:7  Xp:5/181 T:2388 

Latest messages:
 You see here a killer bee corpse.
 You see here a hobbit corpse.
 a - a blessed +1 quarterstaff (weapon in hands).
 x - a crude dagger (alternate weapon; not wielded).
 You miss Brudee's ghost.
 You miss Brudee's ghost.
 You miss Brudee's ghost.
 You miss Brudee's ghost.
 You miss Brudee's ghost.
 #
 You hit Brudee's ghost!
 You miss Brudee's ghost.
 You hit Brudee's ghost.
 Brudee's ghost touches you!
 You miss Brudee's ghost.
 You miss Brudee's ghost.
 You miss Brudee's ghost.
 You miss Brudee's ghost.
 You miss Brudee's ghost.
 You miss Brudee's ghost.
 Brudee's ghost touches you!
 You miss Brudee's ghost.
 You miss Brudee's ghost.
 The killer bee stings!
 You miss the killer bee.
 The killer bee stings!
 The killer bee stings!
 You miss the killer bee.
 The killer bee stings!
 The killer bee stings!
 You miss the killer bee.
 The killer bee stings!
 You miss the killer bee.
 The killer bee stings!
 You miss the killer bee.
 The killer bee stings!
 The killer bee's sting was poisoned!
 What do you want to drink? [g or ?*]
 You feel better.
 The killer bee stings!
 The killer bee stings!
 The killer bee stings!
 The killer bee's sting was poisoned!
 Wizard is about to die.
 You die...
 Do you want your possessions identified? [ynq] (y)
 Do you want to see your attributes? [ynq] (y)
 Do you want an account of creatures vanquished? [ynaq] (y)
 Do you want to see your conduct and achievements? [ynq] (y)
 Do you want to see the dungeon overview? [ynq] (y)

Inventory:
 Weapons  (')')
  F - a blessed +0 dagger
  G - a cursed -1 elven dagger (at the ready)
  x - an uncursed +2 orcish dagger (alternate weapon; not wielded)
  a - a blessed +1 quarterstaff (weapon in hands)
 Armor    ('[')
  y - a blessed +2 orcish helm (being worn)
 Comestibles  ('%')
  o - an uncursed food ration
 Scrolls  ('?')
  i - an uncursed scroll of confuse monster
 Rings    ('=')
  v - a blessed +0 ring of adornment
  e - an uncursed ring of searching
  d - an uncursed ring of warning
 Wands    ('/')
  c - an uncursed wand of cancellation (0:6)
  t - a cursed wand of digging (0:3)
 Tools    ('(')
  f - an uncursed bag of holding containing 13 items
  u - an uncursed expensive camera (0:43)
  m - an uncursed magic marker (0:22)

Contents of the bag of holding:
  79 gold pieces
  an uncursed scroll of amnesia
  a cursed scroll of confuse monster
  a blessed scroll of enchant weapon
  an uncursed scroll of enchant weapon
  an uncursed scroll of gold detection
  an uncursed spellbook of cause fear
  an uncursed spellbook of extra healing
  a blessed spellbook of force bolt
  an uncursed potion of oil
  an uncursed potion of paralysis
  an uncursed potion of sickness
  a blessed potion of speed

Hekik the Wizard's attributes:

Background:
 You were a Conjurer, a level 5 male gnomish Wizard.
 You were neutral, nominally on a mission for Thoth
 who was opposed by Ptah (lawful) and Anhur (chaotic).
 You were right-handed.
 You were in the Gnomish Mines, on level 7.
 You entered the dungeon 2388 turns ago.
 You had 181 experience points, 139 more were needed to attain level 6.

Basics:
 You had 0 out of 36 hit points.
 You had 19 out of 64 energy points (spell power).
 Your armor class was 7.
 Your wallet was empty, but
 you had 79 zorkmids stashed away in your pack.
 Autopickup was off.

Final Characteristics:
 Your strength was 10 (limit:18/50).
 Your dexterity was 13 (limit:18).
 Your constitution was 11 (limit:18).
 Your intelligence was 19 (limit:19).
 Your wisdom was 13 (limit:18).
 Your charisma was 10 (limit:18).

Final Status:
 You weren't hungry.
 You were unencumbered.
 You were wielding a quarterstaff.
 You had basic skill with quarterstaff.

Final Attributes:
 You were piously aligned.
 You were telepathic.
 You had infravision.
 You are dead.

Miscellaneous:
 You encountered 1 bones level.
 Total elapsed playing time was 31 minutes and 3 seconds.

Major events:
 Turn
    1: Hekik the neutral male gnomish Wizard entered the dungeon
 1302: attained the rank of Conjurer (level 3)
 2080: entered the Gnomish Mines
 2267: reached Mine Town
 2388: killed by a killer bee

Spells:
 Name                 Level Category     Fail Retention
 force bolt             1   attack         0%   81%-90%
 extra healing          3   healing       81%  76%-100%
 cause fear             3   enchantment    0%  91%-100%

Skills:
 Fighting Skills
   bare handed combat [Unskilled]
   riding             [Unskilled]
 Weapon Skills
   dagger             [Basic]
   knife              [Unskilled]
   axe                [Unskilled]
   short sword        [Unskilled]
   club               [Unskilled]
   mace               [Unskilled]
   quarterstaff       [Basic]
   polearms           [Unskilled]
   spear              [Unskilled]
   trident            [Unskilled]
   sling              [Unskilled]
   dart               [Unskilled]
   shuriken           [Unskilled]
 Spellcasting Skills
   attack spells      [Basic]
   healing spells     [Unskilled]
   divination spells  [Unskilled]
   enchantment spells [Basic]
   clerical spells    [Unskilled]
   escape spells      [Unskilled]
   matter spells      [Unskilled]

Voluntary challenges:
 Character rerolling was not enabled.
 You were an atheist.
 You never genocided any monsters.
 You never polymorphed an object.
 You never changed form.
 You used no wishes.
Achievements:
 You entered a shop.
 You attained the rank of Conjurer.
 You entered the Gnomish Mines.
 You entered Minetown.

 The Dungeons of Doom: levels 1 to 5
    Level 1:
       A fountain.
    Level 2:
       A potion shop, a fountain.
    Level 3:
    Level 4:
       A fountain.
       Stairs down to The Gnomish Mines.
    Level 5:
 The Gnomish Mines: levels 5 to 7
    Level 5:
    Level 6:
    Level 7: <- You were here.
       A lighting shop, some fountains, a sink.
       Final resting place for
          you, killed by a killer bee,
          Brudee-Tou-Hum-Fem-Neu, killed by a wand.


Vanquished creatures:
  a human zombie
  a kobold mummy
 an elf zombie
  2 giant ants
  a floating eye
  a dwarf
  a kobold shaman
  a rothe
  a centipede
  a monkey
  2 orc zombies
  3 dwarf zombies
  2 iguanas
  a coyote
  2 hobbits
  a hobgoblin
  2 giant rats
  a gnome
  a gnome zombie
  4 geckos
 10 jackals
  a goblin
  a sewer rat
  5 grid bugs
  a bat
  4 lichens
  4 newts
56 creatures vanquished.

No species were genocided or became extinct.

Game over:
                       ----------
                      /          \
                     /    REST    \
                    /      IN      \
                   /     PEACE      \
                  /                  \
                  |      Hekik       |
                  |      79 Au       |
                  |   killed by a    |
                  |    killer bee    |
                  |                  |
                  |                  |
                  |       2026       |
                 *|     *  *  *      | *
        _________)/\\_//(\/(/\)/\//\/|_)_______

Goodbye Hekik the Wizard...

You died in The Gnomish Mines on dungeon level 7 with 1106 points,
and 79 pieces of gold, after 2388 moves.
You were level 5 with a maximum of 36 hit points when you died.

